 Dungeon Crawl Stone Soup version 0.28.0-1-gb440e238dd (webtiles) character file.

Game seed: 2546444784439170060

165006 iguanaiguana the Severer (level 17, -2/157 HPs)
             Began as a Minotaur Fighter on Feb 19, 2022.
             Was a High Priest of Okawaru.
             Slain by Agnes (26 damage)
             ... on level 3 of the Spider Nest.
             The game lasted 00:46:13 (40830 turns).

iguanaiguana the Severer (Minotaur Fighter)        Turns: 40830, Time: 00:46:14

Health: -2/157     AC: 34    Str: 28    XL:     17   Next: 27%
Magic:  25/25      EV: 11    Int: 10    God:    Okawaru [*****.]
Gold:   2058       SH: 13    Dex: 11    Spells: 16/16 levels left

rFire   . . .      SeeInvis +   z - +4 broad axe (venom)
rCold   . . .      Faith    .   e - +0 kite shield
rNeg    . . .      Spirit   .   c - +6 plate armour
rPois   +          Reflect  .   S - +2 hat {SInv}
rElec   .          Harm     .   x - +0 cloak
rCorr   .          Rampage  .   o - +0 pair of gloves "Seyps" {Int+5}
Will    +....                   y - +2 pair of boots {Stlth+}
Stlth   ..........              M - amulet of the acrobat
HPRegen 0.36/turn               g - ring of poison resistance
MPRegen 0.19/turn               K - +4 ring of slaying

@: no status effects
A: horns 2, retaliatory headbutt, iridescent scales 1
a: Renounce Religion, Heroism, Finesse, Duel


You were on level 3 of the Spider Nest.
You worshipped Okawaru.
Okawaru was extremely pleased with you.
You visited 5 branches of the dungeon, and saw 27 of its levels.
You visited the Abyss 1 time.
You also visited: Bailey.

You collected 2058 gold pieces.

Inventory:

Hand Weapons
 a - the +6 hand axe of the Warrior-Mage {vamp, rN+}
   (Okawaru gifted it to you on level 6 of the Lair of Beasts)

   It occasionally heals its wielder for a portion of the damage dealt when it
   wounds a living foe.
   rN:        It protects you from negative energy.
 z - a +4 broad axe of venom (weapon)
 L - a +1 hand axe of flaming
Missiles
 n - 2 silver javelins
 N - 11 poisoned darts (quivered)
Armour
 c - a +6 plate armour (worn)
 e - a +0 kite shield (worn)
 o - the +0 pair of gloves "Seyps" (worn) {Int+5}
   (Okawaru gifted it to you on level 13 of the Dungeon)

   Int:       It affects your intelligence (+5).
 x - a +0 cloak (worn)
 y - a +2 pair of boots of stealth (worn)
 B - a +4 chain mail of cold resistance
 S - a +2 hat of see invisible (worn)
 X - a +1 hat of willpower
Jewellery
 b - a ring of wizardry
 g - a ring of poison resistance (left hand)
 i - a ring of protection from cold
 k - a +4 ring of protection
 m - a ring of willpower
 p - a +4 ring of protection
 K - a +4 ring of slaying (right hand)
 M - an amulet of the acrobat (around neck)
 P - a ring of resist corrosion
Wands
 l - a wand of digging (20) {@v3}
 v - a wand of iceblast (16) {@v2}
 J - a wand of mindburst (28)
 V - a wand of polymorph (9)
Scrolls
 d - a scroll of identify {@r1}
 f - a scroll of holy word
 q - a scroll of fog
 s - 4 scrolls of silence
 u - 3 scrolls of immolation
 C - 3 scrolls of fear
 F - 3 scrolls of vulnerability
 O - 6 scrolls of magic mapping {@r5}
Potions
 h - 4 potions of flight
 t - 6 potions of brilliance
 w - 2 potions of lignification
 D - 4 potions of attraction
 E - 5 potions of cancellation
 G - a potion of magic
 H - a potion of curing {@q1}
 I - 6 potions of mutation
 Q - 2 potions of ambrosia
Miscellaneous
 j - a box of beasts
 r - a condenser vane (inert)
 A - a phantom mirror


   Skills:
 + Level 15.7 Fighting
 - Level 16.0 Axes
 + Level 15.8 Armour
 + Level 12.8 Dodging
 + Level 15.9 Shields
 * Level 13.1 Invocations
 + Level 6.0 Evocations


You had 16 spell levels left.
You didn't know any spells.
Your spell library was empty.

Dungeon Overview and Level Annotations

Branches:
Dungeon (15/15)            Temple (1/1) D:6            Lair (6/6) D:11
 Shoals (0/4) Lair:2       Spider (3/4) Lair:4        Slime (0/5) Lair:6
    Orc (2/2) D:11            Elf (0/3) Orc:2        Vaults (0/5) D:14
 Bailey (visited)
 Depths: D:15

Altars:
Ashenzari
Cheibriados
Dithmenos
Elyvilon
Fedhas
Gozag
Hepliaklqana
Kikubaaqudgha
Makhleb
Nemelex Xobeh
Okawaru
Qazlal
Ru
Sif Muna
Trog
Uskayaw
Vehumet
Wu Jian
Xom
Yredelemnul
Zin
The Shining One
Beogh

Shops:
Orc:2 (*=(

Annotations:
D:5 1 exclusion
D:15 Louise
Lair:1 1 runed translucent door, Vew Pil's ghost, journeyman DrTm
Lair:2 1 runed translucent door, Jishaun's ghost, journeyman DDFi
Lair:5 2 exclusions
Spider:3 Agnes


Innate Abilities, Weirdness & Mutations

You have a pair of horns on your head.
You reflexively headbutt those who attack you in melee.
You are partially covered in iridescent scales. (AC +2)


Message History

A demonic crawler is nearby!
You slice the demonic crawler!!
The demonic crawler is poisoned.
The demonic crawler is moderately wounded.
The demonic crawler shrieks in warning!
You hear a shout!
You hear an angry hiss.
You hear an angry buzzing noise.
You slice the demonic crawler!!
The demonic crawler is severely wounded.
The demonic crawler hits you but does no damage.
The demonic crawler hits you. You block the demonic crawler's attack.
You slash the demonic crawler!
The demonic crawler is severely wounded.
The demonic crawler hits you but does no damage. x2
The demonic crawler closely misses you.
A demonic crawler is nearby!
A demonic crawler is nearby!
You slice the demonic crawler!!
You kill the demonic crawler!
Okawaru accepts your kill.
No target in view!
No target in view!
Key pressed, stopping explore.
No target in view!
No target in view!
No target in view!
No target in view!
No target in view!
No target in view!
No target in view!
No target in view!
No target in view!
Agnes the Wanderer comes into view.
She is wielding a +3 spectral lajatang.
Agnes is nearby!
Agnes is nearby!
Agnes shouts!
Agnes drinks a potion.
Agnes goes berserk!
You hear an angry hiss.
A tarantella comes into view.
The tarantella hisses angrily.
Agnes hits you with a +3 spectral lajatang.
Agnes completely misses you.
There are monsters nearby!
You slash Agnes! Your headbutt misses Agnes.
Agnes is lightly wounded.
You block Agnes's attack. x3
You closely miss Agnes. You headbutt Agnes.
Agnes is lightly wounded.
You block Agnes's attack. x2
You miss Agnes.
Agnes is lightly wounded.
You slice the tarantella!!
The tarantella looks as sick as possible!
You kill the tarantella!
Okawaru accepts your kill. Agnes barely misses you.
Agnes hits you with a +3 spectral lajatang!!
You block Agnes's attack.
Okay, then.
Okay, then.
Clouds of freezing vapour condense around you!
The condenser dries out!
Agnes is engulfed in freezing vapours.
Agnes closely misses you.
Agnes is engulfed in freezing vapours.
You block Agnes's attack.
You completely miss Agnes. You headbutt Agnes!
Agnes is moderately wounded.
Agnes is engulfed in freezing vapours.
You block Agnes's attack.
Agnes is engulfed in freezing vapours.
Agnes hits you with a +3 spectral lajatang.
Agnes is engulfed in freezing vapours.
You block Agnes's attack.
You miss Agnes.
Agnes is moderately wounded.
Agnes is engulfed in freezing vapours.
You block Agnes's attack.
Agnes is engulfed in freezing vapours.
Agnes hits you with a +3 spectral lajatang.
You slash Agnes!
Agnes looks as sick as possible!
Your headbutt misses Agnes.
Agnes is heavily wounded.
Agnes is engulfed in freezing vapours.
You block Agnes's attack.
Agnes is engulfed in freezing vapours.
Agnes closely misses you.
You miss Agnes. Your headbutt misses Agnes.
Agnes is heavily wounded.
Agnes is engulfed in freezing vapours.
Agnes hits you with a +3 spectral lajatang!!
Agnes is engulfed in freezing vapours.
You block Agnes's attack.
Agnes is engulfed in freezing vapours.
Agnes hits you with a +3 spectral lajatang!!
You hit Agnes.
Agnes is severely wounded.
Agnes is engulfed in freezing vapours.
Agnes hits you with a +3 spectral lajatang.
Agnes is engulfed in freezing vapours.
Agnes hits you with a +3 spectral lajatang!!!
* * * LOW HITPOINT WARNING * * *
Okay, then.
Okay, then.
Okay, then.
Okay, then.
You feel better.
Agnes is engulfed in freezing vapours.
Agnes barely misses you. You furiously retaliate!
You headbutt Agnes.
Agnes is engulfed in freezing vapours.
Agnes hits you with a +3 spectral lajatang!!
You die...

##.........##.......^.##
#.....
##.........^#..........##
##....
#####......#............#
#^... #
####...###.........##
##... # #..## ##......^.#
# #.^# ####......##
#.####..##^.....#
#^###..○§§.....^###
####...§i@..†.....# .
#.(.§§#.........# .
#......#^#.......#
#.....#^###....#.#
##....#. ...## # ##....#
..... ##... ...... ....
#....


You could see Agnes (berserk, extremely poisoned).

Vanquished Creatures
  A profane servitor (Arena)
  Rupert (Lair:3)
  Mlioglotl (Spider:1)
  A tentacled starspawn (Abyss:3)
  Gastronok (Lair:3)
  2 emperor scorpions
  An orc warlord (Orc:1)
  A balrug (Abyss:3)
  6 slime creatures
  Nessos (Lair:6)
  5 entropy weavers
  An ettin (Orc:2)
  23 hydras
  Erolcha (Orc:1)
  4 vault guards (D:14)
  A jorogumo (Spider:2)
  9 boulder beetles
  An ogre mage (Orc:1)
  A merfolk avatar (Lair:6)
  8 centaur warriors
  3 death knights
  8 two-headed ogres
  4 orc high priests
  5 death yaks
  3 thrashing horrors (Abyss:3)
  Urug (Orc:2)
  A wretched star (Abyss:3)
  Sonja (D:12)
  10 skeletal warriors
  6 pharaoh ants
  A steelbarb worm (Spider:2)
  A sea snake (Lair:6)
  3 orb spiders
  2 lindwurms (Lair:6)
  4 orc knights (Orc:2)
  A necromancer (D:15)
  A wizard (D:13)
  2 harpies (Lair:6)
  5 deep elf pyromancers
  7 wolf spiders
  5 orc sorcerers (Orc:2)
  A manticore (shapeshifter) (D:12)
  4 cyclopes
  3 manticores
  13 ugly things
  A salamander (shapeshifter) (D:14)
  An oklob plant (D:11)
  17 elephants
  A stone giant skeleton (D:15)
  3 moths of wrath
  2 smoke demons (Abyss:3)
  3 black mambas (Lair:6)
  4 torpor snails
  15 cane toads
  4 demonic crawlers
  2 kobold demonologists
  4 rime drakes
  A tengu conjurer (D:14)
  11 komodo dragons
  A yaktaur (D:12)
  2 unseen horrors (D:12)
  2 freezing wraiths (D:12)
  12 trolls
  A wind drake (Lair:6)
  3 meliai (Spider:2)
  4 tarantellas
  2 hornets (Lair:6)
  6 polar bears
  21 blink frogs
  5 dream sheep (Lair:6)
  15 jumping spiders
  8 culicivoras
  A vampire (D:14)
  3 wyverns
  Sigmund (D:4)
  3 wraiths
  37 yaks
  3 shadows
  2 steam dragons
  A chaos spawn (Abyss:3)
  51 redbacks
  5 basilisks
  4 vampire mosquitoes
  A two-headed ogre zombie (D:11)
  A warg (Orc:2)
  2 acid dragons
  15 water moccasins
  Duvessa (D:6)
  43 orc warriors
  4 black bears
  A necrophage (D:7)
  13 ogres
  A boggart (D:12)
  5 wolves (Lair:4)
  2 phantoms (D:11)
  12 centaurs
  A small abomination (Abyss:3)
  7 kobold brigands
  A gnoll sergeant (D:13)
  3 scorpions
  13 bullfrogs
  A water moccasin zombie (D:7)
  2 water moccasin skeletons
  Dowan (D:6)
  4 troll zombies (D:11)
  6 killer bees (D:8)
  5 wights (D:8)
  2 vampire bats (Lair:6)
  3 howler monkeys (D:12)
  6 centaur zombies
  Crazy Yiuf (D:6)
  6 hounds
  16 jellies
  33 orc priests
  A centaur skeleton (D:6)
  3 iguanas
  Ijyb (D:3)
  6 hell rats (Lair:5)
  26 orc wizards
  2 killer bee zombies
  3 ogre zombies (D:11)
  A gnoll (Orc:2)
  5 adders
  A shadow imp (D:7)
  13 white imps
  A worm (D:5)
  A dart slug (D:5)
  118 orcs
  4 ball pythons
  15 endoplasms
  4 giant cockroaches
  6 goblins
  13 hobgoblins
  3 jackals (D:1)
  34 kobolds
  5 quokkas
  6 bats
  4 frilled lizards
  A goblin skeleton (D:11)
  3 goblin zombies (D:11)
  2 hobgoblin skeletons (D:11)
  2 hobgoblin zombies (D:11)
  3 orc skeletons (D:11)
  14 orc zombies (D:11)
  6 rats
  A starspawn tentacle (Abyss:3)
947 creatures vanquished.

Vanquished Creatures (others)
  An entropy weaver (Spider:1)
  A troll (D:12)
  2 orc priests (Orc:2)
  2 orc wizards
  A bush (Lair:6)
  60 fungi
  86 plants
  A starspawn tentacle (Abyss:3)
  8 toadstools (D:4)
  3 withered plants (D:15)
165 creatures vanquished.

Grand Total: 1112 creatures vanquished

Notes
Turn   | Place    | Note
-------+----------+-------------------------------------------
     0 | D:1      | iguanaiguana the Minotaur Fighter began the quest for the
                  | Orb.
     0 | D:1      | Reached XP level 1. HP: 19/19 MP: 0/0
   109 | D:1      | Reached XP level 2. HP: 27/27 MP: 1/1
   249 | D:1      | Found a faded altar of an unknown god.
   300 | D:2      | Reached skill level 3 in Axes
   300 | D:2      | Reached XP level 3. HP: 20/33 MP: 2/2
   834 | D:2      | Reached XP level 4. HP: 39/40 MP: 3/3
  1489 | D:4      | Reached XP level 5. HP: 47/47 MP: 4/4
  1491 | D:4      | Noticed a yak
  1493 | D:4      | Noticed a yak
  1495 | D:4      | Noticed a yak
  1731 | D:3      | Killed a yak
  1732 | D:3      | Reached skill level 5 in Fighting
  1732 | D:3      | Reached skill level 4 in Axes
  1732 | D:3      | Reached skill level 5 in Armour
  1732 | D:3      | Reached skill level 5 in Shields
  1732 | D:3      | Reached XP level 6. HP: 50/56 MP: 5/5
  1824 | D:3      | Noticed Ijyb
  1837 | D:3      | Killed Ijyb
  2227 | D:5      | Entered Level 5 of the Dungeon
  2783 | D:4      | Noticed Sigmund
  2790 | D:4      | Killed Sigmund
  2791 | D:4      | Reached skill level 5 in Axes
  2791 | D:4      | Reached XP level 7. HP: 57/62 MP: 6/6
  2939 | D:4      | Killed a yak
  2948 | D:4      | Killed a yak
  3302 | D:4      | Reached skill level 6 in Axes
  3840 | D:5      | Reached XP level 8. HP: 65/71 MP: 7/7
  4654 | D:5      | Gained mutation: Your spells are a little harder to cast,
                  | but a little more powerful. [potion of mutation]
  4654 | D:5      | Lost mutation: Your spells are a little harder to cast, but
                  | a little more powerful. [potion of mutation]
  4654 | D:5      | Gained mutation: You are partially covered in iridescent
                  | scales. (AC +2) [potion of mutation]
  5593 | D:6      | Reached skill level 7 in Axes
  5801 | D:6      | Found a staircase to the Ecumenical Temple.
  5824 | D:6      | Noticed Dowan
  5827 | D:6      | Noticed Duvessa
  5846 | Temple   | Entered the Ecumenical Temple
  6216 | Temple   | Became a worshipper of Warmaster Okawaru
  6238 | D:6      | Killed Duvessa
  6238 | D:6      | Killed Dowan
  6423 | D:6      | Reached XP level 9. HP: 80/81 MP: 8/8
  6535 | D:6      | Found a runed translucent door.
  6536 | D:6      | Noticed Crazy Yiuf
  6857 | D:6      | Killed Crazy Yiuf
  7312 | D:7      | Reached * piety under Okawaru
  7313 | D:7      | Reached skill level 1 in Dodging
  7379 | D:7      | Reached skill level 8 in Axes
  8295 | D:8      | Reached skill level 9 in Axes
  8662 | D:8      | Reached ** piety under Okawaru
  8887 | D:8      | Found a sparkling altar of Nemelex Xobeh.
  9786 | D:9      | Reached XP level 10. HP: 80/90 MP: 9/9
 10015 | D:9      | Reached skill level 10 in Axes
 10219 | D:9      | Found a flagged portal.
 10359 | Bailey   | Entered a bailey
 10540 | Bailey   | Noticed an orc knight
 10540 | Bailey   | Noticed an orc knight
 11089 | D:10     | Entered Level 10 of the Dungeon
 11159 | D:10     | Reached *** piety under Okawaru
 11591 | D:10     | Noticed a boulder beetle
 11616 | D:10     | Killed a boulder beetle
 11616 | D:10     | Reached **** piety under Okawaru
 11617 | D:10     | Reached skill level 11 in Axes
 11992 | D:11     | Reached skill level 5 in Dodging
 11992 | D:11     | Reached skill level 10 in Shields
 12059 | D:11     | Reached skill level 10 in Fighting
 12059 | D:11     | Noticed a manticore
 12258 | D:11     | Reached XP level 11. HP: 85/99 MP: 10/10
 12267 | D:11     | Reached skill level 10 in Armour
 12586 | D:11     | Found a staircase to the Orcish Mines.
 12850 | D:11     | Noticed a two-headed ogre
 12856 | D:11     | Killed a two-headed ogre
 12856 | D:11     | Reached ***** piety under Okawaru
 12862 | D:11     | Reached skill level 12 in Axes
 13073 | D:11     | Found a staircase to the Lair.
 13074 | D:11     | Noticed an oklob plant
 13092 | D:11     | Killed an oklob plant
 13223 | D:12     | Noticed a two-headed ogre
 13234 | D:12     | Killed a two-headed ogre
 13269 | D:12     | Identified the +1 demon trident "Pemuosku" {elec, rC+
                  | rCorr} (Okawaru gifted it to you on level 12 of the
                  | Dungeon)
 13269 | D:12     | Received a gift from Okawaru
 13270 | D:12     | Noticed a seven-headed hydra
 13270 | D:12     | Noticed a two-headed ogre
 13272 | D:12     | Noticed a deep elf pyromancer
 13272 | D:12     | Noticed a two-headed ogre
 13272 | D:12     | Noticed a skeletal warrior
 13274 | D:12     | Noticed a centaur warrior
 13338 | Lair:1   | Entered Level 1 of the Lair of Beasts
 14091 | Lair:1   | Reached skill level 13 in Axes
 14274 | Lair:1   | Found a runed translucent door.
 14276 | Lair:1   | Noticed Vew Pil's ghost (journeyman DrTm)
 14489 | Lair:1   | Noticed a seven-headed hydra
 14542 | Lair:1   | Reached skill level 14 in Axes
 14542 | Lair:1   | Reached XP level 12. HP: 33/110 MP: 11/11
 14821 | Lair:2   | Found a staircase to the Shoals.
 14912 | Lair:2   | You fall into a shaft and drop 1 floor!
 14912 | Lair:3   | Noticed Rupert
 14912 | Lair:3   | Noticed a seven-headed hydra
 14920 | Lair:3   | Found an ornate altar of the Wu Jian Council.
 14920 | Lair:3   | Found a hide-covered altar of Uskayaw.
 14920 | Lair:3   | Noticed a boulder beetle
 14941 | Lair:3   | Killed a boulder beetle
 14942 | Lair:3   | Reached XP level 13. HP: 84/117 MP: 12/12
 15096 | Lair:3   | Reached skill level 1 in Invocations
 15210 | Lair:3   | Noticed Gastronok
 15338 | Lair:2   | Identified the +3 chain mail "Peheroev" {rC+++ Will- Str+3}
                  | (Okawaru gifted it to you on level 2 of the Lair of Beasts)
 15338 | Lair:2   | Received a gift from Okawaru
 15638 | Lair:2   | Found a runed translucent door.
 15643 | Lair:2   | Noticed Jishaun's ghost (journeyman DDFi)
 16523 | Lair:3   | Killed Rupert
 16524 | Lair:3   | Reached skill level 15 in Axes
 17229 | Lair:3   | Killed Gastronok
 17820 | Lair:4   | Found a hole to the Spider Nest.
 18294 | Lair:4   | Reached skill level 5 in Invocations
 18332 | Lair:4   | Received a gift from Okawaru
 19644 | Lair:5   | Reached XP level 14. HP: 75/127 MP: 17/17
 20806 | Lair:5   | Reached skill level 16 in Axes
 21187 | Lair:6   | Entered Level 6 of the Lair of Beasts
 21653 | Lair:6   | Reached ****** piety under Okawaru
 22063 | Lair:6   | Identified the +6 hand axe of the Warrior-Mage {vamp, rN+}
                  | (Okawaru gifted it to you on level 6 of the Lair of Beasts)
 22063 | Lair:6   | Received a gift from Okawaru
 22331 | Lair:6   | Found a staircase to the Slime Pits.
 22488 | Lair:6   | Reached skill level 10 in Dodging
 22498 | Lair:6   | Identified the +3 falchion of Oenomania {vorpal, +Blink
                  | rPois Int+4 SInv}
 22498 | Lair:6   | Noticed Nessos
 23149 | Lair:6   | Identified the +7 war axe "Ileustru" {drain, rPois}
                  | (Okawaru gifted it to you on level 6 of the Lair of Beasts)
 23149 | Lair:6   | Received a gift from Okawaru
 23580 | Lair:6   | Killed Nessos
 23896 | Lair:6   | Identified the +1 trident "Hastrutam" {vorpal, rC++}
 24453 | D:12     | Noticed Sonja
 24459 | D:12     | Killed Sonja
 24521 | D:12     | Reached XP level 15. HP: 132/137 MP: 20/20
 25085 | D:12     | Identified the +12 scimitar "Pax Sah" {drain, MP+9}
                  | (Okawaru gifted it to you on level 12 of the Dungeon)
 25085 | D:12     | Received a gift from Okawaru
 25597 | D:12     | Reached skill level 1 in Evocations
 25760 | D:12     | Noticed a storm dragon
 26591 | D:12     | Reached skill level 10 in Invocations
 27140 | D:13     | Identified the +0 pair of gloves "Seyps" {Int+5} (Okawaru
                  | gifted it to you on level 13 of the Dungeon)
 27140 | D:13     | Received a gift from Okawaru
 28590 | D:14     | Found a sacrificial altar of Ru.
 28634 | D:14     | Found a gate to the Vaults.
 29809 | D:14     | Reached XP level 16. HP: 125/147 MP: 23/23
 29820 | D:14     | Received a gift from Okawaru
 30024 | D:14     | Found an ancient bone altar of Kikubaaqudgha.
 30688 | D:15     | Entered Level 15 of the Dungeon
 30700 | D:15     | Noticed Louise
 30964 | D:15     | Cast into level 3 of the Abyss (Louise)
 30980 | Abyss:3  | Found a corrupted altar of Lugonu.
 31039 | Abyss:3  | Noticed a tentacled starspawn
 31048 | Abyss:3  | Killed a tentacled starspawn
 31084 | Abyss:3  | Noticed an Executioner
 31110 | Abyss:3  | Noticed a profane servitor
 31117 | Arena    | Entered the Arena
 31139 | Arena    | Killed a profane servitor
 31164 | D:15     | Escaped the Abyss
 31181 | D:14     | Reached skill level 15 in Shields
 31657 | Orc:1    | Entered Level 1 of the Orcish Mines
 31657 | Orc:1    | Noticed Erolcha
 31980 | Orc:1    | Killed Erolcha
 32055 | Orc:2    | Entered Level 2 of the Orcish Mines
 32550 | Orc:2    | Noticed Urug
 32563 | Orc:2    | Killed Urug
 32698 | Orc:2    | Found a staircase to the Elven Halls.
 32789 | Orc:2    | Reached skill level 15 in Armour
 33192 | Orc:2    | Reached skill level 15 in Fighting
 33235 | Arena    | Entered the Arena
 34430 | Orc:2    | Received a gift from Okawaru
 34670 | Orc:2    | Found Biopp's Antique Weapon Boutique.
 34764 | Orc:2    | Found Wann's Jewellery Shop.
 35325 | Orc:2    | Found Parr's General Store.
 35527 | Orc:2    | Found Cuop's Weapon Emporium.
 35665 | Orc:2    | Reached skill level 5 in Evocations
 36040 | Spider:1 | Entered Level 1 of the Spider Nest
 36972 | Spider:1 | Noticed Mlioglotl
 36991 | Spider:1 | Killed Mlioglotl
 37322 | Spider:1 | Received a gift from Okawaru
 38418 | Arena    | Entered the Arena
 38469 | Spider:2 | HP: 1/139 [jorogumo (18)]
 38477 | Spider:2 | Received a gift from Okawaru
 38477 | Spider:2 | HP: 10/210 [entropy weaver (8)]
 38482 | Spider:2 | Reached XP level 17. HP: 11/150 MP: 25/25
 40817 | Spider:3 | Noticed Agnes
 40830 | Spider:3 | Slain by Agnes

Illustrated notes

Levels and vault maps discovered:
D:1:      saegor_arrival_simple_a, layout_basic,
          hellmonk_ecumenical_altar_lost_god
D:2:      layout_loops_ring
D:3:      layout_basic, chequers_serial_rivers_marsh, uniq_ijyb
D:4:      cheibrodos_fertilizer, layout_loops_ring, uniq_sigmund
D:5:      layout_loops_ring, gup_sewer_entry_glass,
          chequers_serial_rivers_micro_d, glass_columns_a
D:6:      layout_loops_ring, temple_fountains, uniq_crazy_yiuf_cottage,
          uniq_duvessa
D:7:      layout_loops_corners
D:8:      layout_basic, nemelex_diamond_rough_becter
D:9:      layout_roguey, enter_bailey_2, hangedman_abyss_or_decor_stagger
D:10:     layout_rooms
D:11:     layout_gridville, dpeg_oklobed_lair, zombieorc2_lemuel,
          amcnicky_mini_pool_small
D:12:     minmay_big_diamond_grid, layout_basic, gauntlet_entry_generic,
          chequers_decorated_corner, onia_ninara_dug_in_and_dangerous,
          uniq_sonja
D:13:     kennysheep_room_grid, layout_stronghold
D:14:     layout_gridville, lightli_vaults_fourway_checkpoint,
          kiku_gazebo_pond_becter, hangedman_ru_absence
D:15:     gammafunk_depths_entry_grave, layout_cross, corexii_corridor_pit,
          uniq_louise
Temple:   nicolae_temple_the_god_donut
Lair:1:   layout_small_grid, ebering_ghost_inner_flame,
          gammafunk_lair_bear_cave, lemuel_fruit_fields
Lair:2:   layout_loops_ring, shoals_dummy_entry, hellmonk_ghost_happy_afterlife
Lair:3:   layout_small_grid, portal_ice_cave_entry_imps,
          nzn_masters_of_martial_movement, grunt_megastairs_1, uniq_rupert,
          uniq_gastronok
Lair:4:   layout_cave_pods, spider_nest_entry_web_field, st_stairs_3,
          chequers_serial_rivers_micro_b, patterned_corridor,
          infiniplex_staircase_pool
Lair:5:   layout_regular_city, minmay_lindwurm_lava
Lair:6:   gammafunk_lair_ancient_temple, layout_loops_ring,
          minmay_slime_entry_jelly_boxes, roderic_batcave,
          nicolae_lair_lindhole, uniq_nessos
Spider:1: layout_spider_delve, nicolae_spider_not_touching_you, uniq_mlioglotl
Spider:2: layout_chambers
Spider:3: layout_cave_pods, nicolae_spider_nook,
          hangedman_spider_tarantella_strand, uniq_agnes
Orc:1:    layout_diamond_mine, serial_shops, shop_fountains,
          minmay_orc_temple_b, uniq_erolcha
Orc:2:    pubby_orc_utopia, uniq_urug

Skill      XL: |  1  2  3  4  5  6  7  8  9 10 11 12 13 14 15 16 17 |
---------------+----------------------------------------------------+-----
Armour         | 4 5 6 7 8 9 11 12 13 14 15 | 15.8
Shields        | 4 5 6 8 9 10 11 12 13 14 15 | 15.9
Fighting       | 4 5 6 7 8 10 11 12 13 14 15 | 15.7
Axes           | 3 4 5 6 7 9 11 14 15 16 | 16.0
Dodging        | 3 5 7 9 10 11 12 | 12.8
Invocations    | 5 9 11 12 13 | 13.1
Evocations     | 3 5 6 |  6.0

Action                   |  1- 3 |  4- 6 |  7- 9 | 10-12 | 13-15 | 16-18 || total
-------------------------+-------+-------+-------+-------+-------+-------++-------
Melee: War axe           |    70 |   124 |   361 |    96 |   397 |       ||  1048
       Headbutt          |     5 |    16 |    57 |   113 |   313 |   188 ||   692
       Hand axe          |       |       |       |   282 |   502 |       ||   784
       Broad axe         |       |       |       |       |   225 |   773 ||   998
Invok: Heroism           |       |       |       |     1 |     7 |     1 ||     9
       Finesse           |       |       |       |       |     3 |     6 ||     9
       Duel              |       |       |       |       |       |     3 ||     3
Evoke: Wand              |       |       |       |       |     1 |    13 ||    14
       Condenser vane    |       |       |       |       |     1 |     3 ||     4
  Use: Potion            |       |     1 |     5 |     2 |     2 |    13 ||    23
       Scroll            |       |     1 |     4 |    14 |    20 |    13 ||    52
 Stab: Invisible         |       |       |       |       |     2 |       ||     2
       Held in net/web   |       |       |       |       |       |     1 ||     1
Armor: Scale mail        |    33 |    55 |    70 |       |       |       ||   158
       Chain mail        |       |       |   142 |   239 |   787 |   195 ||  1363
       Plate armour      |       |       |       |       |       |   229 ||   229
Dodge: Dodged            |    34 |    60 |   133 |   136 |   712 |   366 ||  1441
Block: Buckler           |    16 |    37 |   118 |   121 |   464 |    50 ||   806
       Kite shield       |       |       |       |       |       |   429 ||   429
